 Dungeon Crawl Stone Soup version 0.28.0-43-g3370ac3207 (webtiles) character file.

Game seed: 4827755714102031257

84 Morg0th the Conjurer (level 4, -1/36 HPs)
             Began as a Naga Conjurer on Mar 11, 2022.
             Slain by Sigmund
             ... wielding a +3 scythe of freezing
              (13 damage)
             ... on level 5 of the Dungeon.
             The game lasted 00:14:29 (2701 turns).

Morg0th the Conjurer (Naga Conjurer)                Turns: 2701, Time: 00:14:29

Health: -1/36      AC:  2    Str: 10    XL:     4   Next: 46%
Magic:  0/8        EV:  9    Int: 20    God:
Gold:   115        SH:  0    Dex:  9    Spells: 5/8 levels left

rFire   . . .      SeeInvis +   b - +0 short sword
rCold   . . .      Faith    .   (no shield)
rNeg    . . .      Spirit   .   g - +0 leather armour
rPois   +          Reflect  .   (no helmet)
rElec   .          Harm     .   (no cloak)
rCorr   .          Rampage  .   (no gloves)
Will    .....                   (no barding)
Stlth   ++........              (no amulet)
HPRegen 0.12/turn               (no ring)
MPRegen 0.11/turn               (no ring)

@: very slow
A: AC +1, large, see invisible, deformed body, poison resistance, slowness 2,
spit poison 1, naga tail 1
a: Spit Poison


You were on level 5 of the Dungeon.
You visited 1 branch of the dungeon, and saw 5 of its levels.

You collected 115 gold pieces.

Inventory:

Hand Weapons
 b - a +0 short sword (weapon)
Missiles
 e - 38 stones
Armour
 a - a +0 robe
 g - a +0 leather armour (worn)
Scrolls
 c - 3 scrolls of identify
Potions
 d - 4 potions of curing


   Skills:
 - Level 1.5 Dodging
 - Level 3.0 Stealth
 + Level 2.6 Spellcasting
 + Level 5.4 Conjurations


You had 5 spell levels left.
You knew the following spells:

 Your Spells              Type           Power      Damage    Failure   Level
a - Magic Dart            Conj           96%        1d7       2%          1
b - Searing Ray           Conj           48%        2d6       3%          2

Your spell library contained the following spells:

 Spells                   Type           Power      Damage    Failure   Level
 Dazzling Flash           Conj/Hex       26%        N/A       21%         3
 Fulminant Prism          Conj/Hex       6%         3d7       54%         4
 Iskenderun's Mystic Bla  Conj/Tloc      13%        2d5       54%         4


Dungeon Overview and Level Annotations

Branches:
Dungeon (5/15)
 Temple: D:4-7

Altars:

Annotations:
D:5 Sigmund


Innate Abilities, Weirdness & Mutations

Your serpentine skin is tough. (AC +1)
You have supernaturally acute eyesight. (SInv)
Armour fits poorly on your strangely shaped body.
Your system is resistant to poisons. (rPois)
You cover ground very slowly.
You can spit poison.
You have a snake-like lower body.


Message History

(Press . to maintain the ray.) Sigmund points at you and mumbles some strange words.
You resist with some effort.
Restarting spell: Searing Ray (safe; 3% risk of failure)
Press: ? - help, Q - select action, (/) - cycle Shift-Dir - straight line, f/p - Sigmund
Aim: Sigmund, wielding a +3 scythe of freezing and wearing a +0 robe (lightly wounded, 77% to hit)
The searing ray hits Sigmund!
Sigmund is heavily wounded. (Press . to maintain the ray.) Sigmund screams, "Only death can liberate you!"
Casting: Searing Ray (safe; 3% risk of failure)
Confirm with . or Enter, or press ? or * to list all spells.
Aiming: Magic Dart (safe; 2% risk of failure)
Press: ? - help, Shift-Dir - straight line, f/p - Sigmund
Aim: Sigmund, wielding a +3 scythe of freezing and wearing a +0 robe (heavily wounded, 100% to hit)
The magic dart hits Sigmund.
Sigmund is heavily wounded.
Casting: Magic Dart (safe; 2% risk of failure)
Confirm with . or Enter, or press ? or * to list all spells.
Aiming: Magic Dart (safe; 2% risk of failure)
Press: ? - help, Shift-Dir - straight line, f/p - Sigmund
Aim: Sigmund, wielding a +3 scythe of freezing and wearing a +0 robe (heavily wounded, 100% to hit)
The magic dart hits Sigmund.
Sigmund is severely wounded.
Sigmund points at you and mumbles some strange words.
The magic dart hits you.
Sigmund hits you with a +3 scythe of freezing.
Sigmund freezes you.
You closely miss Sigmund.
Sigmund is severely wounded.
Sigmund smiles chillingly.
Sigmund hits you with a +3 scythe of freezing!
* * * LOW HITPOINT WARNING * * *
Sigmund freezes you.
* * * LOW HITPOINT WARNING * * *
You feel better.
You closely miss Sigmund.
Sigmund is severely wounded.
Sigmund hits you with a +3 scythe of freezing!
You die...

#.# #.# #.# # ##.#.#
########....#.#
..........(...#
#####........#
###########.......)#
#......@@.?........#
#.#########.......##
$.......# ##.......#
#########


You could see Sigmund.

Vanquished Creatures
  4 adders
  An orc (D:5)
  4 ball pythons (D:1)
  4 bats
  3 endoplasms
  4 giant cockroaches
  7 goblins
  4 hobgoblins
  A quokka (D:2)
  A frilled lizard (D:1)
  7 kobolds
  5 rats
45 creatures vanquished.

Notes
Turn   | Place    | Note
-------+----------+-------------------------------------------
     0 | D:1      | Morg0th the Naga Conjurer began the quest for the Orb.
     0 | D:1      | Reached XP level 1. HP: 15/15 MP: 3/3
   307 | D:2      | Reached XP level 2. HP: 22/22 MP: 3/5
   856 | D:1      | Learned a level 2 spell: Searing Ray
  1154 | D:2      | Reached XP level 3. HP: 27/28 MP: 1/6
  1261 | D:2      | Found a faded altar of an unknown god.
  1672 | D:2      | Reached skill level 5 in Conjurations
  1922 | D:4      | Noticed an ogre
  1923 | D:4      | Noticed a scorpion
  1940 | D:3      | Reached XP level 4. HP: 36/36 MP: 3/7
  2663 | D:4      | Noticed a lemure
  2669 | D:5      | Entered Level 5 of the Dungeon
  2685 | D:5      | Noticed Sigmund
  2701 | D:5      | Slain by Sigmund

Illustrated notes

Levels and vault maps discovered:
D:1:      elethiomel_arrival_maze, layout_basic
D:2:      layout_basic, ebering_ecumenical_altar_hall, minmay_heptomino_l4
D:3:      layout_loops_ring, hangedman_decor_points, nrook_uturn
D:4:      layout_loops_corners, brannock_xom_greatest_gift, enter_ossuary_5,
          minmay_between, uniq_pikel
D:5:      layout_loops_ring, kennysheep_mini, nicolae_elyvilon_temple_path,
          minmay_temple_entry_slanted, uniq_sigmund

Skill      XL: |  1  2  3 |
---------------+----------+-----
Conjurations   | 5 |  5.4
Dodging        | |  1.5
Stealth        | |  3.0
Spellcasting   | |  2.6

Action                   |  1- 3 |  4- 6 || total
-------------------------+-------+-------++-------
Melee: Unarmed           |    10 |       ||    10
       Short sword       |       |     5 ||     5
 Cast: Magic Dart        |    58 |    16 ||    74
       Searing Ray       |    11 |     5 ||    16
 Abil: Spit Poison       |     2 |       ||     2
  Use: Scroll            |     3 |     1 ||     4
       Potion            |     1 |     2 ||     3
Armor: Robe              |     7 |       ||     7
       Leather armour    |     4 |     1 ||     5
Dodge: Dodged            |     7 |     3 ||    10
